Unix NetHack Version 5.0.0-0 post-release - last build Jun 10 2026 00:39:30 (3ee93aec679c4c4259841fe613dc97188e26a321,branch:main).

Game began 2026-06-11 21:22:54, ended 2026-06-11 21:34:23.

Ch3Begorrah, chaotic male human Rogue

                                                                       -----
                                                                       |.`.|
                                                    --------------  ###....|
                                                    |............|     |...|
                                                    |..%..........#    ---|-
                                                   #.............|#       #
                                                   #|............|#       #
                                                   #|............|#       #
                                                  ##--------------#       #
                                                #@#               #      %#
                                                h                 [      #
                                                                  #   ---.-
                                                                  ####|...|
                                                                     #...<|
                                                                      |.(.|
                                                                      -.*.|
                                                                      |...|
                                                                      -----

Ch3Begorrah the Cutpurse  St:10 Dx:18 Co:16 In:10 Wi:11 Ch:9  Chaotic
Dlvl:4  $:21 HP:0(22) Pw:11(11) AC:5  Xp:3 T:1429  Fainted  Deaf

Latest messages:
 The goblin hits!
 In what direction? k
 You throw 2 daggers.
 The 1st dagger hits the goblin.
 You kill the goblin!
 g - 2 +0 daggers (at the ready) (9 in total).
 You see here a goblin corpse.
 You are beginning to feel weak.
 You are in full health.
 In what direction? k
 The dagger hits the large kobold.
 In what direction? k
 You kill the large kobold!
 Welcome to experience level 3.
 g - 2 +0 daggers (at the ready) (9 in total).
 You see here a leather armor.
 You faint from lack of food.
 The grid bug bites!
 You get zapped!
 The grid bug misses!
 The grid bug bites!
 You get zapped!
 The grid bug bites!
 You get zapped!
 The grid bug bites!
 You get zapped!
 The grid bug bites!
 You get zapped!
 You regain consciousness.
 In what direction? k
 You kill the grid bug!
 g - a +0 dagger (at the ready) (9 in total).
 In what direction? h
 You throw 2 daggers.
 The 1st dagger hits the lichen.
 You kill the lichen!
 g - a +0 dagger (at the ready) (8 in total).
 You see here an egg.
 g - a +0 dagger (at the ready) (9 in total).
 You faint from lack of food.
 The hobbit swings her sling.
 The hobbit hits!
 The hobbit swings her sling.
 The hobbit hits!
 The hobbit swings her sling.
 The hobbit hits!
 The hobbit swings her sling.
 The hobbit hits!
 You die...
 Do you want your possessions identified? [ynq] (y) q

Inventory:
 Coins    ('$')
  $ - 21 gold pieces
 Weapons  (')')
  x - a +0 sling
  b - a +0 dagger (weapon in right hand)
  g - 9 +0 daggers (at the ready)
  l - a +0 orcish dagger
  a - a +0 short sword (alternate weapon; not wielded)
 Armor    ('[')
  m - an uncursed +0 orcish helm (being worn)
  q - an uncursed +0 pair of low boots (being worn)
  c - an uncursed +1 leather armor (being worn)
 Comestibles  ('%')
  r - an uncursed fortune cookie
  y - an uncursed tripe ration
 Scrolls  ('?')
  j - a cursed scroll of blank paper
  s - an uncursed scroll of confuse monster
  v - an uncursed scroll of enchant weapon
  A - an uncursed scroll of gold detection named ok
  Z - an uncursed scroll of identify
 Spellbooks  ('+')
  p - an uncursed spellbook of healing
 Potions  ('!')
  J - an uncursed potion of healing
  k - a blessed potion of speed
  C - 2 uncursed potions of water
  Y - a potion of unholy water named cursed
 Wands    ('/')
  u - a wand of light (0:11)
 Tools    ('(')
  f - an empty uncursed sack
  z - a cursed figurine of a freezing sphere
  e - an uncursed lock pick
 Gems/Stones  ('*')
  h - an uncursed worthless piece of yellowish brown glass

Ch3Begorrah the Rogue's attributes:

Background:
 You were a Cutpurse, a level 3 male human Rogue.
 You were chaotic, nominally on a mission for Kos
 who was opposed by Issek (lawful) and Mog (neutral).
 You were right-handed.
 You were in the Dungeons of Doom, on level 4.
 You entered the dungeon 1429 turns ago.
 You had 50 experience points, 30 more were needed to attain level 4.

Basics:
 You had 0 out of 22 hit points.
 You had all 11 energy points (spell power).
 Your armor class was 5.
 Your wallet contained 21 zorkmids.
 Autopickup was on for '$!/(' plus thrown, with exceptions.

Final Characteristics:
 Your strength was 10 (base:11, limit:18/100).
 Your dexterity was 18 (limit:18).
 Your constitution was 16 (limit:18).
 Your intelligence was 10 (limit:18).
 Your wisdom was 11 (limit:18).
 Your charisma was 9 (limit:18).

Final Status:
 You were deaf.
 You were fainted due to starvation.
 You were unencumbered.
 You were wielding a dagger.
 You had basic skill with dagger.

Final Attributes:
 You were devoutly aligned.
 You were stealthy.
 You were warded.
 You are dead.

Miscellaneous:
 You didn't encounter any bones levels.
 Total elapsed playing time was 11 minutes and 29 seconds.

Major events:
 Turn
    1: Ch3Begorrah the chaotic male human Rogue entered the dungeon
  586: entered the Gnomish Mines
 1386: attained the rank of Cutpurse (level 3)
 1429: killed by a hobbit, while fainted from lack of food

You didn't know any spells.

Skills:
 Fighting Skills
   bare handed combat [Unskilled]
   two weapon combat  [Unskilled]
   riding             [Unskilled]
 Weapon Skills
   dagger             [Basic]
   knife              [Unskilled]
   short sword        [Basic]
   broadsword         [Unskilled]
   long sword         [Unskilled]
   two-handed sword   [Unskilled]
   saber              [Unskilled]
   club               [Unskilled]
   mace               [Unskilled]
   morning star       [Unskilled]
   flail              [Unskilled]
   hammer             [Unskilled]
   polearms           [Unskilled]
   spear              [Unskilled]
   crossbow           [Unskilled]
   dart               [Unskilled]
   shuriken           [Unskilled]
 Spellcasting Skills
   divination spells  [Unskilled]
   escape spells      [Unskilled]
   matter spells      [Unskilled]

Voluntary challenges:
 Character rerolling was not enabled.
 You followed a strict vegan diet.
 You were an atheist.
 You never genocided any monsters.
 You never polymorphed an object.
 You never changed form.
 You used no wishes.
Achievements:
 You entered the Gnomish Mines.
 You entered a shop.
 You attained the rank of Cutpurse.

 The Dungeons of Doom: levels 1 to 4
    Level 1:
    Level 2:
       Stairs down to The Gnomish Mines.
    Level 3:
       A potion shop.
    Level 4: <- You were here.
       Final resting place for
          you, killed by a hobbit, while fainted from lack of food.
 The Gnomish Mines:
    Level 3:


Vanquished creatures:
  a hobbit
  a large kobold
  a giant rat
  a yellow mold
  2 geckos
  5 jackals
  a fox
  4 goblins
  a sewer rat
  3 grid bugs
  2 lichens
  a kobold zombie
  3 newts
26 creatures vanquished.

No species were genocided or became extinct.

Game over:
                       ----------
                      /          \
                     /    REST    \
                    /      IN      \
                   /     PEACE      \
                  /                  \
                  |   Ch3Begorrah    |
                  |      21 Au       |
                  |   killed by a    |
                  |      hobbit      |
                  |                  |
                  |                  |
                  |       2026       |
                 *|     *  *  *      | *
        _________)/\\_//(\/(/\)/\//\/|_)_______

Goodbye Ch3Begorrah the Rogue...

You died in The Dungeons of Doom on dungeon level 4 with 389 points,
and 21 pieces of gold, after 1429 moves.
You were level 3 with a maximum of 22 hit points when you died.

